 Dungeon Crawl Stone Soup version 0.29.0-4-gdea44cf6ec (webtiles) character file.

Game seed: 18182500107215703938

661 qw the Ruffian (level 7, -29/66 HPs)
             Began as a Troll Cinder Acolyte on Sept 2, 2022.
             Was a High Priest of Ignis.
             Annihilated by a very large slime creature (59 damage)
             ... on level 5 of the Dungeon.
             The game lasted 00:02:01 (3449 turns).

qw the Ruffian (Troll Cinder Acolyte)               Turns: 3449, Time: 00:02:01

Health: -29/66     AC:  8    Str: 21    XL:     7   Next: 30%
Magic:  7/7        EV:  8    Int: 12    God:    Ignis [*****.]
Gold:   235        SH:  9    Dex:  5    Spells: 8/8 levels left

rFire   + + .      SeeInvis .     - Unarmed
rCold   . . .      Faith    .   b - +2 kite shield "Hunestez" {rElec rPois rF+ Str-4 Int+2}
rNeg    . . .      Spirit   .   a - +0 robe
rPois   +          Reflect  .   (helmet restricted)
rElec   +          Harm     .   d - +0 cloak
rCorr   .          Rampage  .   (gloves unavailable)
Will    .....                   (boots unavailable)
Stlth   +.........              (no amulet)
HPRegen 1.01/turn               (no ring)
MPRegen 0.10/turn               (no ring)

@: corroded, fiery-armoured
A: large, unfitting armour, claws 3, regeneration 1, shaggy fur 1, tough skin 1
a: Renounce Religion, Fiery Armour, Foxfire Swarm, Rising Flame


You were on level 5 of the Dungeon.
You worshipped Ignis.
Ignis was extremely pleased with you.
You visited 1 branch of the dungeon, and saw 5 of its levels.

You collected 235 gold pieces.


Innate Abilities, Weirdness & Mutations

You are too large for most types of armour.
You have claws for hands.
Your natural rate of healing is unusually fast.
You are covered in fur. (AC +1)
You have tough skin. (AC +1)


   Skills:
 - Level 2.4 Fighting
 - Level 5.2 Shields
 + Level 6.2 Unarmed Combat
 - Level 1.0 Spellcasting
 - Level 2.1 Fire Magic


You had 8 spell levels left.
You didn't know any spells.
Your spell library contained the following spells:

 Spells                   Type           Power      Damage    Failure   Level
 Scorch                   Fire           10%        2d5       38%         2

Inventory:

Missiles
 c - 3 boomerangs (quivered)
Armour
 a - a +0 robe (worn)
 b - the +2 kite shield "Hunestez" (worn) {rElec rPois rF+ Str-4 Int+2}
   (You acquired it on level 1 of the Dungeon)

   Str:       It affects your strength (-4).
   Int:       It affects your intelligence (+2).
   rF:        It protects you from fire.
   rElec:     It insulates you from electricity.
   rPois:     It protects you from poison.
 d - a +0 cloak (worn)
Jewellery
 f - a ring of poison resistance
 i - a ring of poison resistance
 l - a ring of protection from cold
Scrolls
 g - a scroll of identify
 m - a scroll of vulnerability {unknown}
 q - 2 scrolls of enchant weapon {unknown}
Potions
 e - 4 potions of curing
 j - a potion of haste
 k - a potion of flight {unknown}
 n - a potion of ambrosia {unknown}
 o - a potion of lignification {unknown}
 p - a potion of mutation {unknown}

Dungeon Overview and Level Annotations

Branches:
Dungeon (5/15)
 Temple: D:4-7

Altars:
Hepliaklqana
Kikubaaqudgha
Qazlal
Trog
Vehumet
Zin


Message History

Two slime creatures merge to form a large slime creature.
The endoplasm hits the fungus.
The fungus begins to die.
You scratch the jelly.
Your claws burn!
The jelly is heavily wounded.
Two slime creatures merge to form a very large slime creature.
The endoplasm hits the fungus.
The fungus begins to die.
You block the jelly's attack.
You claw the jelly!
You kill the jelly!
The endoplasm hits the fungus.
The endoplasm completely misses the fungus.
You mangle the very large slime creature!!
The very large slime creature is lightly wounded.
The endoplasm hits the fungus.
The very large slime creature barely misses you.
You barely miss the very large slime creature.
The very large slime creature is lightly wounded.
A nearby fungus withers and dies.
You block the very large slime creature's attack.
The endoplasm hits the fungus.
3445 ||| Stepping ~*~*~tactically~*~*~ (outnumbered).
The very large slime creature attacks as you move away!
The very large slime creature hits you!!!
Ouch! That really hurt!
The very large slime creature is burned by your cloak of flames.
The very large slime creature is lightly wounded.
3446 ||| DRINKING potion of heal wounds.
You feel much better.
You block the very large slime creature's attack.
You completely miss the very large slime creature.
The very large slime creature is lightly wounded.
The very large slime creature closely misses you.
You scratch the very large slime creature.
The very large slime creature is lightly wounded.
The very large slime creature barely misses you.
You scratch the very large slime creature.
The very large slime creature is lightly wounded.
The very large slime creature hits you!!!
Ouch! That really hurt!
You die...

.# .### ...# ##.##### .......#
......)########
.......##...%.J##########
(......##..P.JJJ##..|...#####
#..###.##..%%%.#@#.......##.#
#.## #.##P..PJJ#.#........'.#####
#.####.##....JJ#)#........'......
.......##..%...#.#'#.....)'......
..#....##......#.#.#.....##......
.....#.##P..P..#.#.#....###......
...###.##!.....##.#########).....
...###.# ##########.......
..###..#############...).).......


You could see a very large slime creature, a jelly and 2 endoplasms.

Vanquished Creatures
  A centaur (D:5)
  2 kobold brigands (D:5)
  A scorpion (D:5)
  A jelly (D:5)
  2 hounds
  Terence (D:3)
  3 iguanas (D:5)
  2 orc wizards (D:3)
  5 adders
  2 white imps (D:5)
  An ufetubus (D:5)
  A worm (D:3)
  A dart slug (D:1)
  15 orcs
  3 ball pythons
  4 endoplasms
  2 giant cockroaches (D:1)
  6 goblins
  4 hobgoblins
  11 kobolds
  2 quokkas (D:3)
  4 bats
  3 frilled lizards
77 creatures vanquished.

Vanquished Creatures (others)
  2 fungi (D:5)
  12 plants (D:3)
  8 toadstools (D:5)
22 creatures vanquished.

Grand Total: 99 creatures vanquished

Notes
Turn   | Place    | Note
-------+----------+-------------------------------------------
     0 | D:1      | qw the Troll Cinder Acolyte began the quest for the Orb.
     0 | D:1      | Reached XP level 1. HP: 22/22 MP: 1/1
     0 | D:1      | 0 ||| qw: Version: 0.1-a-97-g2dd2ca4
     0 | D:1      | 0 ||| qw: Game counter: 4958
     0 | D:1      | 0 ||| qw: Always use a shield: true
     0 | D:1      | 0 ||| qw: God list: Okawaru
     0 | D:1      | 0 ||| qw: Allow faded altars: false
     0 | D:1      | 0 ||| qw: Do Orc after D:15 true
     0 | D:1      | 0 ||| qw: Do second Lair branch before Depths: true
     0 | D:1      | 0 ||| qw: Lair rune preference: random
     0 | D:1      | 0 ||| qw: Plans: Normal
     0 | D:1      | 0 ||| PLANNING D:1-11
   163 | D:1      | Reached XP level 2. HP: 29/29 MP: 2/2
   413 | D:1      | Found a faded altar of an unknown god.
   418 | D:1      | 418 ||| READING scroll labelled JER CIKAOD.
   419 | D:1      | 419 ||| READING scroll labelled ZIGRAP BEGAQ.
   420 | D:1      | 420 ||| READING scroll labelled VUERHEDAFA.
   421 | D:1      | 421 ||| READING scroll labelled POHIQO SAFECRY.
   421 | D:1      | Identified a scroll of acquirement
   421 | D:1      | 421 ||| ACQUIRING +2 kite shield "Hunestez" {rElec rPois
                  | rF+ Str-4 Int+2}
   421 | D:1      | Acquired the +2 kite shield "Hunestez" {rElec rPois rF+
                  | Str-4 Int+2}
   423 | D:1      | 423 ||| UPGRADING to +2 kite shield "Hunestez" {rElec rPois
                  | rF+ Str-4 Int+2}.
   428 | D:1      | 428 ||| READING 2 scrolls labelled FOPOACL DUPUEG.
   429 | D:1      | 429 ||| READING scroll labelled VOAZELADID.
   444 | D:1      | 444 ||| DRINKING 2 cyan potions.
   634 | D:2      | Found a glowing silver altar of Zin.
   916 | D:2      | Reached skill level 1 in Shields
  1132 | D:2      | 1132 ||| UPGRADING to +0 cloak.
  1137 | D:2      | 1137 ||| READING scroll labelled XAINUY UGOTU.
  1138 | D:2      | 1138 ||| DRINKING 2 dark potions.
  1139 | D:2      | 1139 ||| DRINKING 2 fuming pink potions.
  1140 | D:2      | 1140 ||| READING 2 scrolls of identify.
  1140 | D:2      | 1140 ||| IDENTIFYING glowing pink potion
  1141 | D:2      | 1141 ||| DROPPING potion of attraction.
  1159 | D:3      | 1159 ||| STAIRDANCE
  1169 | D:3      | 1169 ||| INVOKING Fiery Armour.
  1175 | D:3      | Reached XP level 3. HP: 18/36 MP: 3/3
  1175 | D:3      | 1175 ||| STAIRDANCE
  1242 | D:3      | 1242 ||| Stepping ~*~*~tactically~*~*~ (stealth).
  1284 | D:3      | 1284 ||| Stepping ~*~*~tactically~*~*~ (hiding).
  1481 | D:3      | 1481 ||| Stepping ~*~*~tactically~*~*~ (stealth).
  1580 | D:3      | 1580 ||| Stepping ~*~*~tactically~*~*~ (stealth).
  1585 | D:3      | 1585 ||| Stepping ~*~*~tactically~*~*~ (stealth).
  1704 | D:3      | Noticed Terence
  1710 | D:3      | Killed Terence
  1711 | D:3      | Reached XP level 4. HP: 35/44 MP: 4/4
  1723 | D:3      | Found a hazy altar of Hepliaklqana.
  1730 | D:3      | Found a stormy altar of Qazlal.
  1733 | D:3      | Found a radiant altar of Vehumet.
  1733 | D:3      | Found a bloodstained altar of Trog.
  1744 | D:3      | Found an ancient bone altar of Kikubaaqudgha.
  1758 | D:3      | 1758 ||| Stepping ~*~*~tactically~*~*~ (stealth).
  1763 | D:3      | Reached skill level 3 in Shields
  1763 | D:3      | 1763 ||| Stepping ~*~*~tactically~*~*~ (stealth).
  1764 | D:3      | 1764 ||| Stepping ~*~*~tactically~*~*~ (stealth).
  1823 | D:3      | 1823 ||| Stepping ~*~*~tactically~*~*~ (hiding).
  1824 | D:3      | 1824 ||| Stepping ~*~*~tactically~*~*~ (hiding).
  1826 | D:3      | 1826 ||| Stepping ~*~*~tactically~*~*~ (hiding).
  1831 | D:3      | 1831 ||| DRINKING 2 potions of curing.
  1831 | D:3      | 1831 ||| (to cure confusion)
  1838 | D:3      | Reached skill level 4 in Unarmed Combat
  2078 | D:3      | 2078 ||| DRINKING potion of curing.
  2078 | D:3      | 2078 ||| (to cure confusion)
  2084 | D:3      | Reached XP level 5. HP: 47/50 MP: 5/5
  2127 | D:3      | 2127 ||| READING scroll labelled SAOM ZEPNELODI.
  2128 | D:3      | 2128 ||| READING scroll labelled YMUDUE GAYCIOWN.
  2129 | D:3      | 2129 ||| READING 2 scrolls of identify.
  2129 | D:3      | 2129 ||| IDENTIFYING ruby potion
  2130 | D:3      | 2130 ||| DROPPING potion of magic.
  2154 | D:3      | 2154 ||| Stepping ~*~*~tactically~*~*~ (stealth).
  2363 | D:4      | 2363 ||| Stepping ~*~*~tactically~*~*~ (hiding).
  2805 | D:4      | 2805 ||| DRINKING 2 glowing clear potions.
  2806 | D:4      | 2806 ||| DROPPING potion of degeneration.
  2822 | D:5      | Entered Level 5 of the Dungeon
  2823 | D:5      | 2823 ||| PLANNING OSSUARY
  2837 | D:5      | 2837 ||| STAIRDANCE
  2884 | D:5      | Reached XP level 6. HP: 59/59 MP: 6/6
  2896 | D:5      | Reached skill level 5 in Unarmed Combat
  2991 | D:5      | 2991 ||| Stepping ~*~*~tactically~*~*~ (hiding).
  2992 | D:5      | 2992 ||| Stepping ~*~*~tactically~*~*~ (hiding).
  2994 | D:5      | 2994 ||| Stepping ~*~*~tactically~*~*~ (hiding).
  3109 | D:5      | 3109 ||| Stepping ~*~*~tactically~*~*~ (stealth).
  3110 | D:5      | 3110 ||| Stepping ~*~*~tactically~*~*~ (stealth).
  3111 | D:5      | 3111 ||| Stepping ~*~*~tactically~*~*~ (stealth).
  3112 | D:5      | 3112 ||| Stepping ~*~*~tactically~*~*~ (stealth).
  3113 | D:5      | 3113 ||| Stepping ~*~*~tactically~*~*~ (stealth).
  3117 | D:5      | 3117 ||| Stepping ~*~*~tactically~*~*~ (stealth).
  3119 | D:5      | 3119 ||| Stepping ~*~*~tactically~*~*~ (outnumbered).
  3129 | D:5      | 3129 ||| Stepping ~*~*~tactically~*~*~ (stealth).
  3140 | D:5      | Reached skill level 6 in Unarmed Combat
  3228 | D:5      | 3228 ||| Stepping ~*~*~tactically~*~*~ (stealth).
  3231 | D:5      | 3231 ||| Stepping ~*~*~tactically~*~*~ (stealth).
  3324 | D:5      | 3324 ||| Stepping ~*~*~tactically~*~*~ (stealth).
  3325 | D:5      | 3325 ||| INVOKING Fiery Armour.
  3326 | D:5      | 3326 ||| Stepping ~*~*~tactically~*~*~ (stealth).
  3333 | D:5      | 3333 ||| Stepping ~*~*~tactically~*~*~ (stealth).
  3334 | D:5      | 3334 ||| Stepping ~*~*~tactically~*~*~ (outnumbered).
  3339 | D:5      | 3339 ||| Stepping ~*~*~tactically~*~*~ (outnumbered).
  3340 | D:5      | 3340 ||| Stepping ~*~*~tactically~*~*~ (outnumbered).
  3343 | D:5      | 3343 ||| Stepping ~*~*~tactically~*~*~ (outnumbered).
  3344 | D:5      | 3344 ||| Stepping ~*~*~tactically~*~*~ (outnumbered).
  3347 | D:5      | 3347 ||| Stepping ~*~*~tactically~*~*~ (outnumbered).
  3349 | D:5      | 3349 ||| Stepping ~*~*~tactically~*~*~ (outnumbered).
  3350 | D:5      | 3350 ||| Stepping ~*~*~tactically~*~*~ (outnumbered).
  3352 | D:5      | 3352 ||| Stepping ~*~*~tactically~*~*~ (outnumbered).
  3355 | D:5      | 3355 ||| Stepping ~*~*~tactically~*~*~ (outnumbered).
  3356 | D:5      | 3356 ||| Stepping ~*~*~tactically~*~*~ (outnumbered).
  3358 | D:5      | 3358 ||| Stepping ~*~*~tactically~*~*~ (outnumbered).
  3359 | D:5      | 3359 ||| Stepping ~*~*~tactically~*~*~ (outnumbered).
  3360 | D:5      | 3360 ||| Stepping ~*~*~tactically~*~*~ (outnumbered).
  3362 | D:5      | 3362 ||| Stepping ~*~*~tactically~*~*~ (outnumbered).
  3364 | D:5      | 3364 ||| Stepping ~*~*~tactically~*~*~ (outnumbered).
  3365 | D:5      | 3365 ||| Stepping ~*~*~tactically~*~*~ (outnumbered).
  3366 | D:5      | 3366 ||| Stepping ~*~*~tactically~*~*~ (outnumbered).
  3367 | D:5      | 3367 ||| Stepping ~*~*~tactically~*~*~ (outnumbered).
  3370 | D:5      | Reached XP level 7. HP: 55/66 MP: 7/7
  3437 | D:5      | 3437 ||| RIP OSSUARY
  3438 | D:5      | 3438 ||| PLANNING D:1-11
  3438 | D:5      | Noticed a slime creature
  3438 | D:5      | Noticed a slime creature
  3438 | D:5      | Noticed a slime creature
  3439 | D:5      | 3439 ||| INVOKING Fiery Armour.
  3445 | D:5      | 3445 ||| Stepping ~*~*~tactically~*~*~ (outnumbered).
  3445 | D:5      | HP: 2/66 [very large slime creature (54)]
  3446 | D:5      | 3446 ||| DRINKING potion of heal wounds.
  3449 | D:5      | Annihilated by a very large slime creature

Levels and vault maps discovered:
D:1:      roderic_dead_forest, layout_rooms,
          dreamdust_ecumenical_altar_hidden_monk_grotto
D:2:      layout_loops_ring, basic_altar, kennysheep_flooded_box, corexii_shack
D:3:      layout_loops_ring, nicolae_overflow_hallway_of_the_gods,
          serial_forest, infiniplex_forest_clump_curved,
          infiniplex_forest_clump_double, infiniplex_forest_fountain,
          infiniplex_forest_split, uniq_terence
D:4:      layout_loops_cross
D:5:      cheibrodos_fertilizer, layout_rooms, enter_ossuary_2,
          guppyfry_early_lair_pool

Skill      XL: |  1  2  3  4  5  6  7 |
---------------+----------------------+-----
Shields        | 1 2 3 4 5 |  5.2
Unarmed Combat | 4 6 |  6.2
Fighting       | |  2.4
Spellcasting   | |  1.0
Fire Magic     | |  2.1

Action                   |  1- 3 |  4- 6 |  7- 9 || total
-------------------------+-------+-------+-------++-------
Melee: Unarmed           |    87 |   139 |    11 ||   237
Throw: Boomerang         |       |    19 |     4 ||    23
Invok: Fiery Armour      |     1 |     1 |     1 ||     3
  Use: Scroll            |     8 |     3 |       ||    11
       Potion            |     3 |     3 |     1 ||     7
Armor: Robe              |    23 |    21 |     1 ||    45
Dodge: Dodged            |    12 |    41 |     4 ||    57
Block: Kite shield       |    20 |    66 |     5 ||    91

Table legend:
 A = Non-vault XP
 B = Vault XP
 C = Vault XP percentage of total XP
 D = Non-vault monster count
 E = Vault monster count
 F = Vault count percentage of total count
                 A         B        C        D         E       F
            +---------+---------+-------+---------+---------+-------
      Total |     656 |     289 |  30.6 |      66 |      11 |  14.3
            +---------+---------+-------+---------+---------+-------
        D:1 |      18 |       0 |   0.0 |      10 |       0 |   0.0
        D:2 |      14 |       2 |  12.5 |       7 |       1 |  12.5
        D:3 |     134 |      38 |  22.1 |      26 |       1 |   3.7
        D:4 |      63 |       0 |   0.0 |       6 |       0 |   0.0
        D:5 |     427 |     249 |  36.8 |      17 |       9 |  34.6
            +---------+---------+-------+---------+---------+-------
